 Dungeon Crawl Stone Soup version 0.27-a0-926-g0e6d9124c6 (webtiles) character file.

Game seed: 7541524993981793646

95 Bapho the Magician (level 4, -1/24 HPs)
             Began as a Deep Elf Air Elementalist on Apr 10, 2021.
             Killed from afar by a dart slug (6 damage)
             ... with a slug dart
             ... on level 3 of the Dungeon.
             The game lasted 00:05:44 (3209 turns).

Bapho the Magician (Deep Elf Air Elementalist)      Turns: 3209, Time: 00:05:45

Health: -1/24      AC:  3    Str:  5    XL:     4   Next: 39%
Magic:  6/12       EV: 13    Int: 21    God:
Gold:   46         SH:  0    Dex: 15    Spells: 4/11 levels left

rFire    . . .     SeeInvis .   i - +0 mace
rCold    . . .     Faith    .   (no shield)
rNeg     . . .     Spirit   .   a - +0 robe
rPois    .         Reflect  .   (no helmet)
rElec    .         Harm     .   (no cloak)
rCorr    .         Rampage  .   (no gloves)
Will     .....                  f - +0 pair of boots
Stlth    ++........             (no amulet)
HPRegen  0.08/turn              (no ring)
MPRegen  0.13/turn              (no ring)

@: very slightly contaminated
A: no striking features
a: no special abilities


You were on level 3 of the Dungeon.
You visited 1 branch of the dungeon, and saw 3 of its levels.

You collected 68 gold pieces.
You spent 22 gold pieces at shops.

Inventory:

Hand Weapons
 c - a +0 dagger
 e - a +0 rapier
 i - a +0 mace (weapon)
Armour
 a - a +0 robe (worn)
 f - a +0 pair of boots (worn)
Jewellery
 d - a ring of poison resistance
Wands
 g - a wand of polymorph (5)
Scrolls
 b - a scroll of identify
 h - a scroll of blinking {unknown}


   Skills:
 - Level 2.9 Dodging
 - Level 2.4 Stealth
 - Level 4.0 Spellcasting
 - Level 2.4 Conjurations
 + Level 4.0 Air Magic


You had 4 spell levels left.
You knew the following spells:

 Your Spells              Type           Power      Damage    Failure   Level
a - Shock                 Conj/Air       68%        1d7       3%          1
b - Swiftness             Air            21%        N/A       3%          2
c - Airstrike             Air            10%        N/A       22%         4

Your spell library contained the following spells:

 Spells                   Type           Power      Damage    Failure   Level
 Static Discharge         Conj/Air       17%        N/A       10%         3
 Confusing Touch          Hex            4%         N/A       34%         3
 Gell's Gravitas          Tloc           2%         N/A       34%         3
 Petrify                  Tmut/Erth      4%         N/A       75%         4
 Lightning Bolt           Conj/Air       8%         1d21      65%         5
 Metabolic Englaciation   Hex/Ice        2%         N/A       97%         5
 Yara's Violent Unravell  Hex/Tmut       2%         3d3       97%         5


Dungeon Overview and Level Annotations

Branches:
Dungeon (3/15)

Altars:

Shops:
D:1 ?   D:2 [


Message History

The zap hits the dart slug!
You kill the dart slug!
The zap hits the dart slug.
The dart slug is lightly wounded.
The dart slug launches a dart at you. The slug dart hits you.
You miscast Shock.
You are very lightly contaminated with residual magic.
Nothing appears to happen.
The dart slug launches a dart at you. The slug dart hits you.
The zap hits the dart slug.
The dart slug is moderately wounded.
The dart slug launches a dart at you. The slug dart hits you.
You are too injured to fight recklessly!
You are too injured to fight recklessly!
You are too injured to fight recklessly!
Casting: Shock (safe; 3% risk of failure)
Confirm with . or Enter, or press ? or * to list all spells.
Aiming: Shock (safe; 3% risk of failure)
Press: ? - help, Shift-Dir - straight line, f/p - dart slug
Aim: a dart slug (moderately wounded, 0% to evade)
The zap hits the dart slug.
The dart slug is severely wounded.
A dart slug comes into view.
The dart slug launches a dart at you. The slug dart hits you.
The dart slug launches a dart at you. The slug dart hits you.
* * * LOW HITPOINT WARNING * * *
Casting: Shock (safe; 3% risk of failure)
Confirm with . or Enter, or press ? or * to list all spells.
Aiming: Shock (safe; 3% risk of failure)
Press: ? - help, Shift-Dir - straight line, f/p - dart slug
Aim: a dart slug (severely wounded, 0% to evade)
Okay, then.
The dart slug launches a dart at you. The slug dart hits you.
You die...

...≈≈≈≈≈≈#.## #
≈≈≈w≈≈≈≈≈≈≈## #≈
≈≈≈≈≈≈#≈≈≈≈# w≈≈
≈≈≈≈≈≈≈≈≈≈. ≈≈≈≈
≈≈≈w≈≈#≈≈≈
≈≈≈.≈#≈≈≈≈≈≈#≈≈
≈≈.≈≈≈...≈.[w≈≈
#≈..<.⌠@..$⌠?≈≈
≈≈..≈≈[.[≈≈.≈≈≈
≈≈≈≈≈≈≈≈≈≈≈≈#≈≈
w≈≈≈≈≈≈≈≈##≈≈≈≈ #
.≈≈≈≈≈≈≈≈≈ ≈≈w ## #
#≈≈≈≈≈≈≈≈≈# #. .##
.## ##≈≈≈≈≈≈w≈≈
#.##...#.###.≈#≈≈≈≈≈.
##........


You could see 7 dart slugs.

Vanquished Creatures
  Jessica (D:2)
  2 adders
  A worm (D:2)
  2 dart slugs
  2 orcs (D:3)
  2 ball pythons
  4 endoplasms
  2 goblins (D:1)
  2 hobgoblins
  8 jackals
  2 kobolds (D:2)
  2 quokkas
  A ball python zombie (D:1)
  2 bats
  3 frilled lizards (D:1)
  A jackal zombie (D:1)
  2 rats (D:1)
39 creatures vanquished.

Notes
Turn   | Place    | Note
-------+----------+-------------------------------------------
     0 | D:1      | Bapho the Deep Elf Air Elementalist began the quest for the
                  | Orb.
     0 | D:1      | Reached XP level 1. HP: 10/10 MP: 6/6
   186 | D:1      | Found Etryob's Magic Scroll Boutique.
   195 | D:1      | Bought a scroll of identify for 22 gold pieces
   438 | D:1      | Reached XP level 2. HP: 15/15 MP: 5/8
   933 | D:1      | Learned a level 2 spell: Swiftness
  1632 | D:2      | Reached XP level 3. HP: 19/19 MP: 3/10
  1872 | D:2      | Found Rasiest's Antique Armour Boutique.
  2000 | D:2      | Noticed Jessica
  2007 | D:2      | Killed Jessica
  2008 | D:2      | Reached XP level 4. HP: 2/24 MP: 8/12
  2369 | D:2      | Found a faded altar of an unknown god.
  2644 | D:2      | Learned a level 4 spell: Airstrike
  3209 | D:3      | Killed from afar by a dart slug

Illustrated notes

Levels and vault maps discovered:
D:1:      saegor_arrival_fortress, layout_basic, serial_shops, shop
D:2:      layout_basic, shapermc_ecumenical_altar_notcrosses, serial_shops,
          shop, kennysheep_generic_room_3, uniq_jessica
D:3:      kennysheep_slugbush, layout_loops_corners, marbit_many_paths

Skill      XL: |  1  2  3  4 |
---------------+-------------+-----
Conjurations   | 2 |  2.4
Spellcasting   | 4 |  4.0
Air Magic      | 4 |  4.0
Dodging        | |  2.9
Stealth        | |  2.4

Action                   |  1- 3 |  4- 6 || total
-------------------------+-------+-------++-------
Melee: Unarmed           |     7 |       ||     7
       Rapier            |     3 |       ||     3
 Cast: Shock             |    70 |    36 ||   106
Armor: Robe              |     7 |     2 ||     9
Dodge: Dodged            |    20 |     7 ||    27

Table legend: (Time is in decaauts)
 A = Elapsed time spent in this place.
 B = Non-inter-level travel time spent in this place.
 C = Inter-level travel time spent in this place.
 D = Time resting spent in this place.
 E = Time spent auto-exploring this place.
 F = Levels seen in this place.
 G = Mean time per level.
                   A        B        C        D        E       F      G
               +--------+--------+--------+--------+--------+-----+--------+
         Total |   3215 |   3136 |     79 |    313 |   2563 |   3 | 1071.7 |
       Dungeon |   3215 |   3136 |     79 |    313 |   2563 |   3 | 1071.7 |
               +--------+--------+--------+--------+--------+-----+--------+

Top non-repeatable levels by time:
     D:2: 1654 daAuts
     D:1: 1363 daAuts
     D:3: 197 daAuts
